AoeStats
← Canned Banana

Golden Pit

509764155Analyzed
1v1 RM · 3d ago on Sep 27, 2026· 36m 4s· 2 players
Game mode
Random Map
Map size
Tiny (2 player)
Population
200
Speed
Normal
Resources
Standard
Victory
Conquest
Starting age
Dark Age
Ending age
Imperial Age
RankedLock teamsTeams togetherTeam positionsShared explorationLock speedFull tech treeHidden civsTurbo modeCheats
Victory
Defeat
🇦🇷 Poles · Argentina
820
+15
🇺🇸 Byzantines · United States
794
-15
Canned Banana
5:44 Loom
10:15 Feudal Age
10:38 Horse Collar
10:47 Double-Bit Axe
21:34 Stone Mining
26:43 Gold Mining
29:45 Castle Age
28:56 Fletching
31:09 Wheelbarrow
32:21 Hand Cart
32:07 Bodkin Arrow
33:39 Stone Shaft Mining
34:54 Treadmill Crane
Vexyann
6:16 Loom
12:18 Feudal Age
12:59 Man-at-Arms
16:57 Arson
21:58 Wheelbarrow
22:04 Forging
21:55 Scale Mail Armor
28:39 Castle Age
29:10 Long Swordsman
30:07 Hand Cart
Connection lost

Rejoining the realm…

Still unreachable

The connection could not be restored.

Session expired

The server has moved on; the page needs a fresh start.